 Dungeon Crawl Stone Soup version 0.25.1-2-g60ff931df9 (webtiles) character file.

Game seed: 7580509851804628704

42 Foxap the Vandal (level 3, -7/24 HPs)
             Began as a Halfling Hunter on Sept 1, 2020.
             Mangled by a worm (10 damage)
             ... on level 2 of the Dungeon.
             The game lasted 00:26:11 (1520 turns).

Foxap the Vandal (Halfling Hunter)                  Turns: 1520, Time: 00:26:11

Health: -7/24      AC:  4    Str: 13    XL:     3   Next: 80%
Magic:  3/3        EV: 14    Int:  9    God:
Gold:   106        SH:  0    Dex: 15    Spells: 2/2 levels left

rFire    + . .     SeeInvis .   p - +0 dagger
rCold    + . .     Gourm    .   (shield restricted)
rNeg     . . .     Faith    .   c - +0 leather armour
rPois    +         Spirit   .   (no helmet)
rElec    +         Reflect  .   (no cloak)
rCorr    +         Harm     .   (no gloves)
MR       .....                  s - +0 pair of boots (curse)
Stlth    ++........             (no amulet)
HPRegen  0.08/turn              (no ring)
MPRegen  0.08/turn              (no ring)

@: resistant
A: small, mutation resistance 1
a: no special abilities


You were on level 2 of the Dungeon.
You were not hungry.

You visited 1 branch of the dungeon, and saw 2 of its levels.

You collected 106 gold pieces.

Inventory:

Hand Weapons
 a - a +2 hunting sling
 b - a +0 short sword
 p - a +0 dagger (weapon)
 t - a +0 hand axe
Missiles
 d - 17 sling bullets
 e - 14 bolts
 l - 88 stones (quivered)
 m - 15 arrows
Armour
 c - a +0 leather armour (worn)
 s - a cursed +0 pair of boots (worn)
 u - a +0 leather armour
Scrolls
 g - a scroll of teleportation
 i - 2 scrolls of identify {unknown}
 k - a scroll of amnesia {unknown}
Potions
 n - a potion of berserk rage {unknown}
 o - a potion of flight {unknown}
 q - a potion of heal wounds {unknown}
 r - a potion of curing {unknown}


   Skills:
 + Level 1.8 Fighting
 + Level 0.2 Short Blades
 + Level 7.3 Slings
 + Level 0.1 Armour
 + Level 2.3 Dodging
 + Level 1.2 Stealth


You had 2 spell levels left.
You didn't know any spells.
Your spell library was empty.

Dungeon Overview and Level Annotations

Branches:
Dungeon (2/15)

Altars:


Innate Abilities, Weirdness & Mutations

You are small and have problems with some larger weapons.
You are somewhat resistant to further mutation.


Message History

The worm is moderately wounded.
You barely miss the worm.
The worm is moderately wounded.
You hit the worm.
The worm is heavily wounded.
The worm bites you!
You hit the worm.
The worm is heavily wounded.
The worm bites you but does no damage.
You hit the worm.
The worm is heavily wounded.
You hit the worm but do no damage.
The worm is heavily wounded.
The worm bites you!
* * * LOW HITPOINT WARNING * * *
It was a potion of cancellation.
You feel magically purged.
It was a potion of resistance.
You feel protected. The worm bites you!
You die...

#(.$.$.$.$.
#(........#
#.........##
#.(.........
#..(.......#
#...(......##.
#...w........
#...@.......
##........##
#..........#
#..........#
#).........#
#<.........#
#..........#
##........##
##......##


You could see a worm.

Vanquished Creatures
  An ooze (D:1)
  A dart slug (D:2)
  A leopard gecko (D:1)
  A giant cockroach (D:1)
  5 goblins (D:1)
  5 hobgoblins
  5 kobolds (D:1)
  A ball python (D:1)
  6 bats (D:1)
  A frilled lizard (D:1)
  5 rats (D:1)
32 creatures vanquished.

Notes
Turn   | Place    | Note
-------+----------+-------------------------------------------
     0 | D:1      | Foxap the Halfling Hunter began the quest for the Orb.
     0 | D:1      | Reached XP level 1. HP: 14/14 MP: 1/1
    23 | D:1      | test
    23 | D:1      | yest
   102 | D:1      | Reached skill level 6 in Slings
   162 | D:1      | Reached XP level 2. HP: 19/19 MP: 2/2
   531 | D:1      | Reached XP level 3. HP: 24/24 MP: 3/3
   549 | D:1      | Reached skill level 7 in Slings
  1520 | D:2      | Mangled by a worm

Illustrated notes

.# ##.
#.. #.#
#.# ##∩##
###...###
#...≈...#
#.8.≈@8.#
#...≈...#
#.♣.≈.♣.#
#...≈...#
#.8.≈.8.#
#...≈...#
#.♣.≈.♣.#
#...≈...#
#.8.≈.8.#


Turn 23 on D:1: test

Levels and vault maps discovered:
D:1:      mainiacjoe_arrival_reflecting_pool, layout_loops_ring,
          minmay_tromino_i2
D:2:      layout_rooms, nicolae_overflow_crystal_walls, grunt_gozag_breadcrumbs

Skill      XL: |  1  2  3 |
---------------+----------+-----
Slings         | 6 7 |  7.3
Fighting       | |  1.8
Short Blades   | |  0.2
Armour         | |  0.1
Dodging        | |  2.3
Stealth        | |  1.2

Action                   || total
-------------------------++-------
Melee: Hunting sling     ||     1
       Dagger            ||    15
 Fire: Hunting sling     ||    66
Throw: Stone             ||    29
  Use: Scroll            ||     2
       Potion            ||     2
  Eat: Ration            ||     1
Armor: Leather armour    ||    24
Dodge: Dodged            ||    43
